 Dungeon Crawl Stone Soup version 0.28-a0-1233-g92def6ad0a (webtiles) character file.

Game seed: 15015097709618364676

30 ChaosChampion the Skirmisher (level 3, 0/30 (39) HPs)
             Began as an Ogre Warper on Dec 23, 2021.
             Succumbed to an adder's poison
             ... on level 2 of the Dungeon.
             The game lasted 00:01:17 (1835 turns).

ChaosChampion the Skirmisher (Ogre Warper)          Turns: 1835, Time: 00:01:18

HP:   0/30 (39)     AC:  3    Str: 17    XL:     3   Next: 18%
MP:   6/6           EV:  9    Int: 14    God:
Gold: 37            SH:  0    Dex:  8    Spells: 6/6 levels left

rFire   . . .      SeeInvis .   a - +0 mace
rCold   . . .      Faith    .   (no shield)
rNeg    . . .      Spirit   .   b - +0 robe
rPois   .          Reflect  .   (helmet restricted)
rElec   .          Harm     .   (no cloak)
rCorr   .          Rampage  .   (gloves unavailable)
Will    .....                   (boots unavailable)
Stlth   +.........              (no amulet)
HPRegen 0.10/turn               (no ring)
MPRegen 0.10/turn               (no ring)

@: lethally poisoned (0 -> 0), attractive, heavily drained
A: large, unfitting armour, tough skin 1
a: no special abilities


You were on level 2 of the Dungeon.
You visited 1 branch of the dungeon, and saw 2 of its levels.

You collected 37 gold pieces.

Inventory:

Hand Weapons
 a - a +0 mace (weapon)
Missiles
 d - 5 boomerangs of dispersal (quivered)
Armour
 b - a +0 robe (worn)
Scrolls
 c - a scroll of blinking
 g - a scroll of fear {unknown}
 h - a scroll of summoning {unknown}
 i - a scroll of enchant weapon {unknown}
 j - a scroll of vulnerability {unknown}


   Skills:
 * Level 4.1 Fighting
 + Level 2.3 Maces & Flails
 - Level 1.0 Throwing
 - Level 2.1 Dodging
 - Level 2.4 Spellcasting
 - Level 2.6 Translocations


You had 6 spell levels left.
You didn't know any spells.
Your spell library contained the following spells:

 Spells                   Type           Power      Damage    Failure   Level
 Blink                    Tloc           18%        N/A       12%         2
 Gell's Gravitas          Tloc           9%         N/A       22%         3
 Lesser Beckoning         Tloc           9%         N/A       22%         3
 Teleport Other           Tloc           9%         N/A       22%         3
 Manifold Assault         Tloc           9%         N/A       91%         5


Dungeon Overview and Level Annotations

Branches:
Dungeon (2/15)

Altars:

Shops:
D:2 [


Innate Abilities, Weirdness & Mutations

You are too large for most types of armour.
You have tough skin. (AC +1)


Message History

The adder poisons you!
You closely miss the adder.
You feel very sick. The adder bites you.
You miss the adder.
You feel sick. The adder bites you. x2
You are too injured to fight recklessly!
You are too injured to fight recklessly!
You are too injured to fight recklessly!
You are too injured to fight recklessly!
You are too injured to fight recklessly!
You are too injured to fight recklessly!
You are too injured to fight recklessly!
You are too injured to fight recklessly!
You are too injured to fight recklessly!
You are too injured to fight recklessly!
You are too injured to fight recklessly!
You are too injured to fight recklessly!
You are too injured to fight recklessly!
You are too injured to fight recklessly!
You are too injured to fight recklessly!
You closely miss the adder.
You feel sick. The adder barely misses you. x2
You miss the adder.
You feel sick. The adder closely misses you. The adder misses you.
You miss the adder.
You feel sick. The adder closely misses you.
You closely miss the adder.
You feel sick. The adder barely misses you. x2
You hit the adder but do no damage.
You feel sick.
You are no longer poisoned.
The adder bites you.
* * * LOW HITPOINT WARNING * * *
You are poisoned.
The adder poisons you!
You completely miss the adder.
You feel sick. The adder bites you.
* * * LOW HITPOINT WARNING * * *
The adder barely misses you.
It was a potion of cancellation.
You feel magically purged.
* * * LOW HITPOINT WARNING * * *
You feel sick. The adder closely misses you.
It was a potion of attraction.
You feel attractive to monsters.
You die...

##..........#
#........###
##.#####.######
P. #..
#......#... #
#........#
#......###
#......#
#..!...#
#.@....#
#.S....#
#.###### #. ..
#.. ..> #.#.


You could see an adder.

Vanquished Creatures
  2 dart slugs (D:1)
  A bat (D:2)
  2 endoplasms
  4 goblins
  4 hobgoblins
  4 kobolds
  A quokka (D:1)
  3 ball pythons
  A frilled lizard (D:1)
  A rat (D:2)
23 creatures vanquished.

Notes
Turn   | Place    | Note
-------+----------+-------------------------------------------
     0 | D:1      | ChaosChampion the Ogre Warper began the quest for the Orb.
     0 | D:1      | Reached XP level 1. HP: 22/22 MP: 3/3
   192 | D:1      | Reached skill level 3 in Fighting
   269 | D:1      | Reached XP level 2. HP: 29/31 MP: 5/5
  1274 | D:2      | Reached skill level 4 in Fighting
  1297 | D:1      | Reached XP level 3. HP: 15/36 MP: 6/6
  1744 | D:2      | Found Avatyixi's Antique Armour Emporium.
  1834 | D:2      | HP: 1/30 [poisoned by an adder]
  1835 | D:2      | Succumbed to an adder's poison

Illustrated notes

Levels and vault maps discovered:
D:1:      psy_arrival_basics, layout_loops_ring, minmay_tetromino_s4
D:2:      layout_basic, serial_shops, shop, nicolae_shop_bloodbath_and_beyond,
          dreamdust_ecumenical_altar_hidden_monk_grotto, minmay_joined_circles,
          uniq_sigmund

Skill      XL: |  1  2 |
---------------+-------+-----
Fighting       | 3 4 |  4.1
Maces & Flails | 2 |  2.3
Throwing       | |  1.0
Dodging        | |  2.1
Spellcasting   | |  2.4
Translocations | |  2.6

Action                   || total
-------------------------++-------
Melee: Mace              ||    85
  Use: Potion            ||     2
 Stab: Sleeping          ||     1
Armor: Robe              ||    24
Dodge: Dodged            ||    61

Table legend: (Time is in decaauts)
 A = Elapsed time spent in this place.
 B = Non-inter-level travel time spent in this place.
 C = Inter-level travel time spent in this place.
 D = Time resting spent in this place.
 E = Time spent auto-exploring this place.
 F = Levels seen in this place.
 G = Mean time per level.
                   A        B        C        D        E       F      G
               +--------+--------+--------+--------+--------+-----+--------+
         Total |   1861 |   1814 |     47 |    673 |    915 |   2 |  930.5 |
       Dungeon |   1861 |   1814 |     47 |    673 |    915 |   2 |  930.5 |
               +--------+--------+--------+--------+--------+-----+--------+

Top non-repeatable levels by time:
     D:1: 1563 daAuts
     D:2: 297 daAuts
